 Dungeon Crawl Stone Soup version 0.30-a0-723-gc1506a1cf0 (webtiles) character file.

Game seed: 11692932104432584927

986 bande the Chopper (level 8, -9/49 HPs)
             Began as a Gargoyle Fighter on Jan 29, 2023.
             Mangled by a two-headed ogre
             ... wielding a +0 giant club
              (18 damage)
             ... on level 6 of the Dungeon.
             The game lasted 00:09:32 (5229 turns).

bande the Chopper (Gargoyle Fighter)                Turns: 5229, Time: 00:09:32

Health: -9/49      AC: 19    Str: 21    XL:     8   Next: 18%
Magic:  8/8        EV:  4    Int:  4    God:
Gold:   259        SH: 28    Dex: 11    Spells: 7/7 levels left

rFire   . . .      SeeInvis .    g - +2 broad axe (vamp)
rCold   . . .      Faith    .    b - +10 tower shield of Ignorance {rN+ Int-4}
rNeg    + + .      Spirit   .    u - +0 chain mail
rPois   ∞          Reflect  +    (no helmet)
rElec   +          Harm     .    x - +1 cloak
rCorr   +          Rampage  .    B - +0 pair of gloves
Will    .....                    (no boots) Stlth
                                 l - amulet of reflection
HPRegen 0.28/turn                m - ring of flight
MPRegen 0.11/turn                q - ring of resist corrosion

@: flying
A: sickness immunity, AC +5, negative energy resistance 1, electricity
resistance, torment resistance 1, petrification resistance
a: no special abilities


You were on level 6 of the Dungeon.
You visited 2 branches of the dungeon, and saw 7 of its levels.

You collected 259 gold pieces.

Inventory:

Hand Weapons
 a - a +1 vampiric war axe
 g - a +2 vampiric broad axe (weapon)
 A - a +5 heavy flail
Armour
 b - the +10 tower shield of Ignorance (worn) {rN+ Int-4}
   (You acquired it on level 3 of the Dungeon)

   Int:       It affects your intelligence (-4).
   rN:        It protects you from negative energy.
 u - a +0 chain mail (worn)
 x - a +1 cloak (worn)
 B - a +0 pair of gloves (worn)
Jewellery
 j - an amulet of magic regeneration
 l - an amulet of reflection (around neck)
 m - a ring of flight (left hand)
 q - a ring of resist corrosion (right hand)
 s - an amulet of faith
Wands
 r - a wand of light (5)
 y - a wand of roots (2)
Scrolls
 k - a scroll of enchant armour
 o - 3 scrolls of teleportation
 p - a scroll of amnesia
Potions
 d - a potion of mutation
 e - 4 potions of heal wounds
 f - 2 potions of might
 h - a potion of haste {unknown}
 i - 3 potions of flight
 t - a potion of resistance {unknown}
 v - 2 potions of brilliance
 w - a potion of curing {unknown}
 z - 2 potions of attraction {unknown}


   Skills:
 + Level 5.0 Fighting
 + Level 5.8 Axes
 + Level 5.3 Armour
 + Level 5.3 Shields
 * Level 1.6 Evocations


You had 7 spell levels left.
You didn't know any spells.
Your spell library contained the following spells:

 Spells                   Type           Power      Damage    Failure   Level
 Beastly Appendage        Tmut           0%         N/A       100%        1
 Necrotise                Necr           0%         1d4       100%        1
 Lesser Beckoning         Tloc           0%         N/A       100%        2
 Static Discharge         Conj/Air       0%         2-2/arc   100%        2
 Wereblood                Tmut           0%         N/A       100%        2
 Dazzling Flash           Conj/Hex       0%         N/A       100%        3
 Gell's Gravitas          Tloc           0%         N/A       100%        3
 Ignite Poison            Fire/Tmut/Pois 0%         N/A       100%        3
 Kindle Blastsparks       Fire/Tloc/Air  0%         2d10      100%        3
 Spider Form              Tmut/Pois      0%         N/A       100%        3
 Teleport Other           Tloc           0%         N/A       100%        3
 Tukima's Dance           Hex            0%         N/A       100%        3
 Vampiric Draining        Necr           0%         2d6       100%        3
 Vhi's Electric Charge    Tloc/Air       0%         N/A       100%        3
 Iskenderun's Mystic Bla  Conj/Tloc      0%         2d3       100%        4
 Passage of Golubria      Tloc           0%         N/A       100%        4
 Petrify                  Tmut/Erth      0%         N/A       100%        4
 Agony                    Necr           0%         N/A       100%        5
 Arcjolt                  Conj/Air       0%         1d10      100%        5
 Freezing Cloud           Conj/Ice/Air   0%         6-21      100%        5
 Lightning Bolt           Conj/Air       0%         1d11      100%        5
 Metabolic Englaciation   Hex/Ice        0%         N/A       100%        5
 Yara's Violent Unravell  Hex/Tmut       0%         3d3       100%        5
 Starburst                Conj/Fire      0%         6d3       100%        6
 Statue Form              Tmut/Erth      Unusable   N/A       N/A         6

Dungeon Overview and Level Annotations

Branches:
Dungeon (6/15)             Temple (1/1) D:4

Altars:
Ashenzari
Hepliaklqana
Makhleb
Nemelex Xobeh
Ru
Trog
Uskayaw
Vehumet
Zin


Innate Abilities, Weirdness & Mutations

You are immune to sickness and miasma.
Your stone body is resilient. (AC +5)
You are immune to poison.
You resist negative energy. (rN+)
You are resistant to electric shocks. (rElec)
You are resistant to unholy torment.
You are immune to petrification.


Message History

You are too injured to fight recklessly!
You are too injured to fight recklessly!
You are too injured to fight recklessly!
You are too injured to fight recklessly!
You are too injured to fight recklessly!
You are too injured to fight recklessly!
You completely miss the two-headed ogre.
The two-headed ogre is heavily wounded.
You closely miss the electric eel.
You block the two-headed ogre's attack. x2
The electric eel shoots out a bolt of lightning at you!
The bolt of electricity hits you but does no damage.
You resist.
The bolt of electricity hits you but does no damage.
You resist.
The electric eel shoots out a bolt of lightning at you!
The bolt of electricity hits you. You resist. The bolt of electricity hits you.
You resist.
The two-headed ogre hits you with a +0 giant club.
* * * LOW HITPOINT WARNING * * *
You block the two-headed ogre's attack.
You hit the two-headed ogre.
You feel better.
The two-headed ogre is severely wounded.
You hit the electric eel but do no damage.
You block the two-headed ogre's attack.
The two-headed ogre hits you with a +0 giant club.
* * * LOW HITPOINT WARNING * * *
You barely miss the two-headed ogre.
The two-headed ogre is severely wounded.
You barely miss the electric eel. The dart slug launches a dart at you.
The slug dart reflects off an invisible shield around you!
The slug dart hits the dart slug.
The electric eel shoots out a bolt of lightning at you!
The bolt of electricity hits you. You resist.
* * * LOW HITPOINT WARNING * * *
The bolt of electricity hits you. You resist.
* * * LOW HITPOINT WARNING * * *
You block the two-headed ogre's attack.
The two-headed ogre hits you with a +0 giant club!!
You die...

....~~.~~##.#
##.~~≈≈~≈≈w##
##≈≈≈#~~≈#≈≈~##
#≈≈≈≈≈~~~≈≈≈≈≈#
#≈≈≈≈≈≈~≈≈≈≈≈.
####≈≈≈≈≈≈~≈≈≈≈≈~
#≈≈≈≈≈~≈~)~~≈~~≈w
##~≈≈~.~~.⌠)~~..#≈
...~~..@..<$.<..~≈
##~≈≈[wOS.[!≈~~⌠≈≈
#≈≈≈S~~~~~≈≈#.~≈≈
##~w#≈≈~~≈≈≈≈≈≈≈#
#.~≈≈≈≈~~≈≈≈≈≈≈(
#..~≈≈≈≈#~~~≈≈≈≈#
#..#≈≈#≈≈#≈~#w###
.. ##w≈~≈ ~~≈.#


You could see a two-headed ogre, 2 electric eels and 5 dart slugs.

Vanquished Creatures
  Sigmund (D:3)
  Edmund (D:4)
  A centaur (D:5)
  A scorpion (D:4)
  A necrophage (D:5)
  An electric eel (D:6)
  3 hounds (D:5)
  Ijyb (D:4)
  Jessica (D:3)
  An orc wizard (D:4)
  3 iguanas
  4 gnolls (D:3)
  5 adders
  A white imp (D:5)
  3 worms
  6 dart slugs
  14 orcs
  7 endoplasms
  6 goblins
  11 hobgoblins
  4 jackals
  8 kobolds
  5 quokkas
  7 ball pythons
  3 bats
  2 frilled lizards
  4 rats
105 creatures vanquished.

Vanquished Creatures (others)
  An orc wizard (D:6)
  A dart slug (D:6)
2 creatures vanquished.

Grand Total: 107 creatures vanquished

Notes
Turn   | Place    | Note
-------+----------+-------------------------------------------
     0 | D:1      | bande the Gargoyle Fighter began the quest for the Orb.
     0 | D:1      | Reached XP level 1. HP: 14/14 MP: 1/1
   181 | D:1      | Reached XP level 2. HP: 17/19 MP: 2/2
   255 | D:1      | Reached XP level 3. HP: 23/23 MP: 3/3
  1076 | D:2      | Reached XP level 4. HP: 26/29 MP: 4/4
  1938 | D:3      | Noticed Sigmund
  1965 | D:3      | Killed Sigmund
  1966 | D:3      | Reached XP level 5. HP: 19/33 MP: 5/5
  1966 | D:3      | Reached XP level 6. HP: 22/38 MP: 6/6
  2742 | D:3      | Identified a scroll of acquirement
  2742 | D:3      | Acquired the +10 tower shield of Ignorance {rN+ Int-4}
  2742 | D:3      | Found the +10 tower shield of Ignorance {rN+ Int-4}
  3136 | D:3      | Noticed Jessica
  3140 | D:3      | Killed Jessica
  3522 | D:4      | Reached skill level 5 in Armour
  3565 | D:4      | Reached XP level 7. HP: 44/44 MP: 7/7
  3573 | D:4      | Noticed Ijyb
  3587 | D:4      | Killed Ijyb
  3614 | D:4      | Found a radiant altar of Vehumet.
  3624 | D:4      | Acquired a +2 vampiric broad axe
  3650 | D:4      | Found a staircase to the Ecumenical Temple.
  3658 | Temple   | Entered the Ecumenical Temple
  3909 | D:4      | Noticed Edmund
  3920 | D:4      | Killed Edmund
  3921 | D:4      | Reached skill level 5 in Axes
  3964 | D:4      | Found a sacrificial altar of Ru.
  4134 | D:5      | Entered Level 5 of the Dungeon
  4153 | D:5      | Reached skill level 5 in Shields
  4153 | D:5      | Reached skill level 1 in Evocations
  4189 | D:5      | Found a glowing silver altar of Zin.
  4425 | D:5      | Reached XP level 8. HP: 42/48 MP: 8/8
  5213 | D:6      | Reached skill level 5 in Fighting
  5216 | D:6      | Noticed a two-headed ogre
  5229 | D:6      | Mangled by a two-headed ogre

Illustrated notes

Levels and vault maps discovered:
D:1:      nicolae_arrival_washed_ashore, layout_basic, minmay_vboxes
D:2:      layout_loops_ring, kennysheep_generic_room_5
D:3:      layout_rooms, serial_co_window_serial, co_window_paths_a,
          co_window_paths_a, co_window_corner_a, co_window_paths_b,
          co_window_corner_a, co_window_paths_a, co_window_cross_4,
          co_window_paths_c, co_window_cross_2, co_window_2corner,
          co_window_unsneaky_path_e, co_window_cross_3, co_window_4corner_b,
          glass_columns_b, uniq_sigmund, uniq_jessica
D:4:      layout_cave_pools, mainiacjoe_overflow_six_doors_small,
          kennysheep_mini_moat, minmay_temple_entry_ruins, due_unseen_surprise,
          uniq_ijyb, uniq_edmund
D:5:      layout_layer_cave, zin_scriptorium, hangedman_decor_points
D:6:      kennysheep_slugbush, layout_loops_ring,
          chequers_temple_overflow_statue_of_worship,
          mainiacjoe_overflow_brackets, portal_sewer_entry_f, roderic_batcave
Temple:   hellmonk_temple_flake

Skill      XL: |  1  2  3  4  5  6  7  8 |
---------------+-------------------------+-----
Axes           | 2 4 5 |  5.8
Armour         | 4 5 |  5.3
Fighting       | 4 5 |  5.0
Shields        | 4 5 |  5.3
Evocations     | 1 |  1.6

Action                     |  1- 3 |  4- 6 |  7- 9 || total
---------------------------+-------+-------+-------++-------
  Melee: War axe           |    96 |   124 |    29 ||   249
         Broad axe         |       |       |    50 ||    50
    Use: Potion            |       |     3 |       ||     3
         Scroll            |       |    11 |     6 ||    17
 Armour: Scale mail        |    52 |     9 |       ||    61
         Chain mail        |       |    57 |    16 ||    73
  Dodge: Dodged            |    46 |    39 |     6 ||    91
  Block: Buckler           |    20 |    16 |       ||    36
         Tower shield      |       |    72 |   108 ||   180
         Reflection        |       |     3 |    12 ||    15

Table legend: (Time is in decaauts)
 A = Elapsed time spent in this place.
 B = Non-inter-level travel time spent in this place.
 C = Inter-level travel time spent in this place.
 D = Time resting spent in this place.
 E = Time spent auto-exploring this place.
 F = Levels seen in this place.
 G = Mean time per level.
                   A        B        C        D        E       F      G
               +--------+--------+--------+--------+--------+-----+--------+
         Total |   5376 |   5157 |    219 |    485 |   3613 |   7 |  768.0 |
       Dungeon |   5224 |   5005 |    219 |    485 |   3480 |   6 |  870.7 |
        Temple |    151 |    151 |      0 |      0 |    133 |   1 |  151.0 |
               +--------+--------+--------+--------+--------+-----+--------+

Top non-repeatable levels by time:
     D:3: 1709 daAuts
     D:5: 1086 daAuts
     D:1: 998 daAuts
     D:2: 883 daAuts
     D:4: 513 daAuts
  Temple: 151 daAuts
     D:6: 33 daAuts
